AoeStats
← beneath mariana

Arena

506585538Analyzed
4v4 RM · 17d ago on Sep 14, 2026· 66m 20s· 8 players
Game mode
Random Map
Map size
Large (8 player)
Population
200
Speed
Normal
Resources
Standard
Victory
Conquest
Starting age
Dark Age
Ending age
Imperial Age
RankedLock teamsTeams togetherTeam positionsShared explorationLock speedFull tech treeHidden civsTurbo modeCheats
Victory
Defeat
🇹🇼 Turks · Taiwan
1685
+13
🇳🇿 Franks · New Zealand
1530
+20
🇺🇸 Chinese · United States
1511
+21
🇨🇳 Koreans · China
1457
+22
🇲🇽 Poles · Mexico
1677
-21
🇲🇽 Romans · Mexico
1640
-20
🇲🇽 Japanese · Mexico
1615
-19
🇨🇴 Portuguese · Colombia
1530
-16
eL|Hooligan
10:33 Feudal Age
14:10 Castle Age
13:14 Double-Bit Axe
13:10 Horse Collar
15:20 Wheelbarrow
15:38 Bow Saw
17:33 Loom
21:01 Heavy Plow
22:28 Hand Cart
22:05 Gold Mining
24:53 Forging
24:49 Scale Barding Armor
24:35 Stone Mining
27:57 Imperial Age
25:12 Town Watch
26:21 Iron Casting
25:32 Treadmill Crane
27:02 Chain Barding Armor
27:34 Husbandry
27:44 Bloodlines
28:35 Szlachta Privileges
27:58 Cavalier
29:38 Conscription
30:37 Blast Furnace
31:00 Lechitic Legacy
30:02 Light Cavalry
33:25 Chemistry
33:14 Winged Hussar
34:26 Fletching
34:48 Masonry
35:04 Bodkin Arrow
35:32 Ballistics
39:46 Coinage
44:20 Siege Engineers
46:01 Bracer
49:55 Hoardings
51:59 Crop Rotation
54:55 Caravan
56:05 Murder Holes
MZTK | KaLiuM
10:01 Feudal Age
11:08 Loom
14:21 Castle Age
13:04 Double-Bit Axe
13:24 Horse Collar
16:31 Bow Saw
21:00 Wheelbarrow
21:36 Stone Mining
21:37 Gold Mining
30:10 Hand Cart
34:19 Fortified Wall
36:19 Heavy Plow
39:52 Stone Shaft Mining
39:58 Ballistics
43:45 Imperial Age
41:01 Treadmill Crane
41:31 Masonry
43:50 Elite Organ Gun
45:14 Fletching
45:24 Padded Archer Armor
45:31 Arquebus
45:47 Bodkin Arrow
47:04 Chemistry
46:12 Siege Engineers
46:04 Elite Skirmisher
46:54 Bracer
47:45 Leather Archer Armor
48:13 Conscription
49:11 Ring Archer Armor
53:48 Two-Man Saw
55:01 Pikeman
55:26 Gambesons
57:12 Architecture
56:05 Halberdier
56:31 Arson
56:50 Scale Mail Armor
57:01 Forging
59:52 Chain Mail Armor
60:13 Iron Casting
62:31 Plate Mail Armor
63:01 Blast Furnace
63:03 Town Watch
Hina_
11:49 Feudal Age
15:31 Castle Age
13:19 Double-Bit Axe
13:40 Horse Collar
16:26 Bow Saw
20:44 Wheelbarrow
24:30 Scale Barding Armor
24:24 Gold Mining
25:07 Bloodlines
24:58 Husbandry
25:55 Forging
26:06 Chain Barding Armor
27:08 Loom
31:00 Imperial Age
28:16 Town Watch
29:56 Hand Cart
30:00 Fletching
32:23 Bodkin Arrow
32:29 Padded Archer Armor
32:59 Heavy Plow
33:59 Two-Man Saw
33:17 Bracer
34:06 Parthian Tactics
34:06 Fortified Wall
34:19 Thumb Ring
34:30 Leather Archer Armor
34:38 Ballistics
34:33 Stone Mining
35:19 Conscription
36:15 Ring Archer Armor
36:54 Chemistry
36:00 Heavy Cavalry Archer
37:30 Treadmill Crane
38:02 Masonry
37:42 Guard Tower
37:38 Arrowslits
37:39 Elite Skirmisher
38:16 Capped Ram
39:58 Coinage
42:12 Keep
41:37 Murder Holes
50:33 Scale Mail Armor
51:36 Chain Mail Armor
51:56 Iron Casting
51:40 Squires
51:06 Pikeman
57:32 Halberdier
MZTK | Albert_Stone
10:08 Feudal Age
14:04 Castle Age
12:16 Horse Collar
13:30 Double-Bit Axe
16:33 Bow Saw
17:50 Loom
22:13 Wheelbarrow
26:49 Imperial Age
24:21 Stone Mining
25:20 Squires
25:21 Scale Mail Armor
25:32 Forging
25:26 Heavy Plow
25:18 Gold Mining
26:25 Ballistics
25:29 Pikeman
26:08 Town Watch
27:16 Fortified Wall
28:30 Hand Cart
28:46 Conscription
29:20 Chain Mail Armor
29:42 Iron Casting
29:26 Halberdier
30:54 Ballistas
30:59 Heavy Scorpion
32:46 Blast Furnace
32:46 Scale Barding Armor
32:32 Capped Ram
33:37 Siege Engineers
34:23 Gold Shaft Mining
34:24 Chain Barding Armor
33:59 Fletching
34:23 Man-at-Arms
34:58 Long Swordsman
35:16 Siege Ram
36:18 Legionary
38:09 Guilds
39:17 Chemistry
40:28 Comitatenses
40:11 Bodkin Arrow
40:17 Padded Archer Armor
41:13 Masonry
40:59 Murder Holes
42:37 Leather Archer Armor
42:26 Elite Skirmisher
43:42 Ring Archer Armor
47:41 Architecture
47:27 Caravan
59:26 Plate Barding Armor
58:53 Husbandry
YOGRANNYCANTSCRAP
0:33 Loom
10:09 Feudal Age
10:38 Double-Bit Axe
15:49 Castle Age
16:57 Wheelbarrow
17:07 Scale Mail Armor
18:22 Bow Saw
19:19 Chain Mail Armor
24:33 Squires
28:03 Forging
28:40 Arson
31:58 Pikeman
35:12 Imperial Age
34:42 Iron Casting
35:17 Halberdier
40:20 Fletching
41:00 Plate Mail Armor
40:58 Ballistics
41:59 Bodkin Arrow
43:08 Padded Archer Armor
46:11 Hand Cart
46:58 Two-Man Saw
45:40 Horse Collar
46:09 Heavy Rocket Cart
49:10 Elite Chu Ko Nu
50:00 Bracer
51:55 Heavy Plow
53:10 Rocketry
53:38 Conscription
54:02 Caravan
55:15 Masonry
56:07 Chemistry
55:20 Masonry
55:26 Leather Archer Armor
56:12 Blast Furnace
Wuyen
12:09 Feudal Age
14:01 Double-Bit Axe
16:30 Castle Age
20:42 Imperial Age
18:18 Horse Collar
19:33 Padded Archer Armor
19:47 Bow Saw
21:51 Wheelbarrow
23:40 Gold Mining
25:23 Hand Cart
28:05 Leather Archer Armor
27:46 Town Watch
34:39 Fletching
35:39 Gold Shaft Mining
36:06 Thumb Ring
35:58 Bodkin Arrow
37:07 Bloodlines
37:36 Ballistics
38:39 Parthian Tactics
38:43 Conscription
38:37 Bracer
39:08 Ring Archer Armor
38:37 Loom
39:11 Heavy Cavalry Archer
40:44 Sipahi
42:16 Artillery
42:47 Husbandry
42:57 Scale Barding Armor
44:23 Chain Barding Armor
45:12 Heavy Plow
46:13 Two-Man Saw
46:29 Plate Barding Armor
46:06 Forging
49:41 Stone Mining
50:38 Masonry
50:09 Treadmill Crane
50:24 Murder Holes
51:56 Iron Casting
53:24 Hoardings
53:22 Architecture
56:48 Bombard Tower
56:54 Caravan
59:50 Blast Furnace
60:29 Guilds
63:15 Guilds
Red-Leaf
10:53 Feudal Age
14:35 Castle Age
12:40 Double-Bit Axe
16:21 Wheelbarrow
18:37 Bow Saw
22:55 Hand Cart
23:42 Gold Mining
23:40 Town Watch
23:41 Loom
28:18 Imperial Age
26:08 Forging
25:59 Scale Mail Armor
26:44 Masonry
27:48 Fortified Wall
28:03 Chain Mail Armor
28:24 Iron Casting
28:18 Fletching
28:23 Elite Throwing Axeman
29:25 Conscription
30:08 Chemistry
29:58 Plate Mail Armor
30:19 Architecture
32:08 Blast Furnace
31:34 #83
33:44 Siege Engineers
36:54 Pikeman
37:35 Squires
41:20 Halberdier
46:30 Blast Furnace
46:57 Arson
49:18 Caravan
59:40 Scale Barding Armor
59:02 Light Cavalry
beneath mariana
10:41 Feudal Age
14:38 Castle Age
12:42 Double-Bit Axe
13:13 Horse Collar
18:30 Loom
19:30 Town Watch
20:39 Wheelbarrow
22:22 Bow Saw
23:51 Heavy Plow
23:46 Gold Mining
24:17 Stone Mining
26:17 Gold Shaft Mining
27:25 Hand Cart
30:39 Imperial Age
28:25 Squires
28:29 Scale Mail Armor
28:40 Forging
28:43 Treadmill Crane
29:50 Stone Shaft Mining
29:37 Chain Mail Armor
30:00 Fletching
29:32 Pikeman
31:06 Ballistics
30:42 Murder Holes
31:09 Eupseong
31:55 Plate Mail Armor
32:51 Chemistry
31:23 Elite Fire Lancer
32:19 Bodkin Arrow
31:55 Capped Ram
33:08 Conscription
35:44 Iron Casting
35:09 Bracer
34:49 Halberdier
37:14 Guilds
36:35 Heavy Rocket Cart
38:42 Two-Man Saw
38:06 Siege Engineers
38:13 Masonry
37:58 Murder Holes
38:13 Fortified Wall
37:50 Arrowslits
38:44 Town Patrol
40:38 Coinage
42:15 Architecture
45:00 Banking
47:13 Caravan
48:32 Shinkichon
56:37 Thumb Ring
65:12 Arson
Connection lost

Rejoining the realm…

Still unreachable

The connection could not be restored.

Session expired

The server has moved on; the page needs a fresh start.